AoeStats
← a.l.a.n.t

QS Arena

503235319Analyzed
2v2 RM · 1mo ago on Aug 30, 2026· 30m 35s· 4 players
Game mode
Random Map
Map size
Medium (4 player)
Population
200
Speed
Normal
Resources
Standard
Victory
Conquest
Starting age
Dark Age
Ending age
Imperial Age
RankedLock teamsTeams togetherTeam positionsShared explorationLock speedFull tech treeHidden civsTurbo modeCheats
Victory
Defeat
🇬🇧 Vietnamese · United Kingdom
1236
+14
🇮🇶 Gurjaras · Iraq
1040
+22
🇲🇽 Celts · Mexico
1204
-19
🇳🇴 Bohemians · Norway
1165
-42
a.l.a.n.t
2:39 Loom
8:03 Feudal Age
12:00 Castle Age
10:15 Double-Bit Axe
11:01 Horse Collar
13:55 Bow Saw
18:44 Loom
19:46 Wheelbarrow
20:31 Heavy Plow
20:54 Fletching
22:00 Scale Mail Armor
25:06 Imperial Age
22:42 Squires
23:06 Gold Mining
23:40 Chain Mail Armor
24:42 Forging
25:12 Elite Fire Lancer
25:22 Capped Ram
27:48 Chemistry
27:31 Fletching
28:11 Elite Skirmisher
28:50 Bodkin Arrow
29:54 Imperial Skirmisher
aryaszahir958
7:50 Feudal Age
6:06 Loom
8:24 Horse Collar
8:48 Double-Bit Axe
11:52 Loom
14:57 Castle Age
20:37 Gold Mining
20:38 Stone Mining
25:39 Wheelbarrow
28:11 Imperial Age
26:09 Bow Saw
26:05 Heavy Plow
27:34 Gold Shaft Mining
27:35 Stone Shaft Mining
27:07 Heavy Plow
30:15 Chemistry
david.indie108
4:43 Loom
8:48 Feudal Age
9:38 Double-Bit Axe
9:33 Horse Collar
9:52 Gold Mining
13:36 Castle Age
12:18 Stone Mining
15:59 Bow Saw
16:34 Heavy Plow
17:23 Stone Shaft Mining
22:03 Gold Shaft Mining
24:27 Wheelbarrow
26:34 Imperial Age
23:56 Treadmill Crane
24:37 Ballistics
24:20 Padded Archer Armor
24:13 Fletching
25:00 Masonry
25:06 Scale Mail Armor
25:21 Leather Archer Armor
26:00 Bodkin Arrow
26:17 Forging
26:28 Hand Cart
26:52 Chain Mail Armor
26:42 Murder Holes
28:48 Chemistry
27:14 Capped Ram
29:24 Iron Casting
28:36 Arson
28:34 Siege Ram
29:37 Conscription
29:19 Onager
31:00 Plate Mail Armor
31:48 Blast Furnace
Gudnikk
9:05 Feudal Age
12:48 Castle Age
11:01 Double-Bit Axe
11:24 Horse Collar
13:54 Bow Saw
22:40 Loom
25:35 Imperial Age
24:33 Wheelbarrow
23:43 Town Watch
24:03 Heavy Plow
23:48 Treadmill Crane
24:19 Masonry
24:58 Pikeman
26:01 Squires
25:49 Arson
27:19 Chemistry
27:46 Two-Man Saw
27:02 Forging
26:52 Scale Mail Armor
28:01 Hand Cart
Connection lost

Rejoining the realm…

Still unreachable

The connection could not be restored.

Session expired

The server has moved on; the page needs a fresh start.